 Dungeon Crawl Stone Soup version 0.20.1-1-g8b1a95d (webtiles) character file.

6463 Satanymous the Fighter (level 10, -17/136 HPs)
             Began as a Yellow Draconian Berserker on Oct 26, 2017.
             Was a High Priest of Trog.
             Demolished by a two-headed ogre
             ... wielding a +0 giant club
              (22 damage)
             ... on level 9 of the Dungeon.
             The game lasted 00:49:30 (8138 turns).

Satanymous the Fighter (Yellow Draconian Berserker) Turns: 8138, Time: 00:49:30

Health: -17/136    AC: 10    Str: 24    XL:     10   Next: 68%
Magic:  19/19      EV: 13    Int:  9    God:    Trog [*****.]
Gold:   359        SH: 11    Dex: 13    Spells: 9/9 levels left

rFire    . . .     SeeInvis .   E - +0 war axe
rCold    + . .     Gourm    .   H - +0 shield
rNeg     . . .     Faith    .   (armour unavailable)
rPois    .         Spirit   .   (helmet restricted)
rElec    .         Reflect  .   D - +1 cloak
rCorr    +         Harm     .   o - +0 pair of gloves
MR       .....                  (no boots)
Stlth    ..........             d - amulet of regeneration
Regen    0.8/turn               s - ring of protection from cold
MPRegen  0.2/turn               Q - ring of magical power

@: berserking, very quick
A: spit acid, acid resistance, unfitting armour, cold-blooded, AC +7
a: Breathe Acid, Berserk, Trog's Hand, Brothers in Arms, Burn Spellbooks,
Renounce Religion


You were on level 9 of the Dungeon.
You worshipped Trog.
Trog was extremely pleased with you.
You were hungry.

You visited 1 branch of the dungeon, and saw 9 of its levels.

You collected 572 gold pieces.
You spent 213 gold pieces at shops.

Inventory:

Hand Weapons
 a - a +0 hand axe
 f - a cursed -2 whip
 l - a +9 club
 r - a +4 hunting sling
 y - a +0 blowgun
 E - a +0 war axe (weapon)
 F - a +0 club
Missiles
 e - 59 sling bullets
 g - 18 tomahawks
 B - 5 tomahawks of returning (quivered)
 C - 27 poisoned needles
 V - 14 javelins
Armour
 o - a +0 pair of gloves (worn)
 D - a +1 cloak (worn)
 H - a +0 shield (worn)
Magical Staves
 S - an uncursed staff of conjuration
Jewellery
 d - an amulet of regeneration (around neck)
 s - a ring of protection from cold (left hand)
 K - an uncursed ring of fire {unknown}
 Q - a ring of magical power (right hand)
Wands
 k - a wand of digging (15/24)
 p - a wand of confusion (41/48)
 I - a wand of iceblast (6/15)
 J - a wand of polymorph (15/24)
 O - a wand of iceblast (10/15)
 R - a wand of confusion (15/48)
Scrolls
 c - 3 scrolls of magic mapping
 h - 4 scrolls of recharging
 q - 2 scrolls of amnesia {unknown}
 u - 5 scrolls of teleportation
 M - 2 scrolls of fear {unknown}
 N - a scroll of identify
 P - a scroll of blinking {unknown}
 T - 6 scrolls of remove curse
 X - a scroll of fog {unknown}
Potions
 j - a potion of lignification {unknown}
 m - a potion of brilliance {unknown}
 t - 3 potions of heal wounds
 v - 6 potions of curing
 w - a potion of mutation {unknown}
 x - a potion of agility {unknown}
 z - a potion of cancellation {unknown}
 A - a potion of flight {unknown}
 G - a potion of resistance {unknown}
 U - 2 potions of berserk rage {unknown}
 Y - 2 potions of ambrosia {unknown}
 Z - a potion of might {unknown}
Comestibles
 b - 7 bread rations
 n - a fruit
 L - 4 royal jellies


   Skills:
 + Level 9.5 Fighting
 + Level 7.6 Axes
 + Level 5.4 Throwing
 + Level 6.3 Dodging
 + Level 6.2 Stealth
 * Level 5.8 Shields


You had 9 spell levels left.
You didn't know any spells.

Dungeon Overview and Level Annotations

Branches:
Dungeon (9/15)             Temple (0/1) D:4
   Lair: D:8-11         Orc: D:9-12

Altars:
Ashenzari
Cheibriados
Dithmenos
Elyvilon
Okawaru
Qazlal
Trog
Vehumet
Yredelemnul

Shops:
D:5 **[   D:7 [


Innate Abilities, Weirdness & Mutations

You can spit globs of acid.
You are resistant to acid.
Your golden yellow scales are hard. (AC +7)
You cannot fit into any form of body armour.
You are cold-blooded and may be slowed by cold attacks.


Message History

The two-headed ogre is heavily wounded.
The two-headed ogre hits you with a giant club!
You block the two-headed ogre's attack.
You barely miss the two-headed ogre.
The two-headed ogre is heavily wounded.
The two-headed ogre hits you with a giant club!!
You block the two-headed ogre's attack.
You hit the two-headed ogre.
The two-headed ogre is heavily wounded.
The two-headed ogre hits you with a giant club!
* * * LOW HITPOINT WARNING * * *
The two-headed ogre hits you with a giant club!!
* * * LOW HITPOINT WARNING * * *
A red film seems to cover your vision as you go berserk!
You feel yourself moving faster!
You feel mighty!
You are feeling hungry.
You slash the two-headed ogre!
The two-headed ogre is severely wounded.
The two-headed ogre hits you with a giant club!!
You die...

..##...####.####..........#
.......##.....##..........#
..)....#.......#..........#
...#.#.#.......#.##########
..##.#....._........#
..##.#.#....)..#.##.#
###..#.#.......#....#### #
.##.##.....##........
..#..####.## #@.......
###...........O.......
#............#######
##............ ###
#............
..####.............
........P......##.#
...###.....P..P .#
†)).#.P.P...PP


You could see a two-headed ogre.

Vanquished Creatures
  A two-headed ogre (D:8)
  Psyche (D:9)
  Joseph (D:8)
  A gargoyle (D:7)
  A troll (D:9)
  The ghost of cada the Skirmisher, an amateur FoFi (D:4)
  Grinder (D:4)
  3 hogs (D:8)
  A human (D:8)
  A yak (D:8)
  Edmund (D:4)
  A porcupine (D:9)
  4 orc warriors
  2 phantoms
  A black bear (D:9)
  6 ogres
  A centaur (D:4)
  4 bullfrogs
  A big kobold (D:8)
  2 wyvern skeletons
  A scorpion (D:9)
  5 killer bees (D:8)
  A howler monkey (D:8)
  4 crimson imps
  3 hounds
  4 jellies
  2 bullfrog skeletons
  3 orc priests (D:9)
  A bullfrog zombie (D:5)
  Crazy Yiuf (D:2)
  Jessica (D:2)
  5 iguanas
  11 orc wizards
  4 worker ants
  A hound skeleton (D:8)
  2 worker ant zombies
  8 gnolls
  A howler monkey skeleton (D:4)
  9 adders
  A shadow imp (D:5)
  An ooze (D:5)
  2 adder zombies
  2 adder skeletons
  A worm (D:2)
  2 dart slugs (D:1)
  3 leopard geckos
  36 orcs
  6 bats
  3 giant cockroaches
  6 goblins
  5 hobgoblins
  6 jackals
  3 quokkas
  A ball python zombie (D:5)
  9 frilled lizards
  A jackal skeleton (D:7)
  9 kobolds
  A leopard gecko skeleton (D:6)
  A leopard gecko zombie (D:5)
  6 rats
  2 fungi (D:2)
209 creatures vanquished.

Vanquished Creatures (others)
  A sky beast (D:8)
  An orc wizard (D:8)
  2 orcs (D:8)
4 creatures vanquished.

Grand Total: 213 creatures vanquished

Notes
Turn   | Place    | Note
-------+----------+-------------------------------------------
     0 | D:1      | Satanymous the Draconian Berserker began the quest for the Orb.
     0 | D:1      | Reached XP level 1. HP: 19/19 MP: 1/1
   140 | D:1      | Reached XP level 2. HP: 26/26 MP: 2/2
   872 | D:2      | Noticed Jessica
   879 | D:2      | Killed Jessica
   879 | D:2      | Reached XP level 3. HP: 20/33 MP: 3/3
   985 | D:2      | Reached skill level 4 in Fighting
  1006 | D:2      | Found a basalt altar of Yredelemnul.
  1073 | D:2      | Found a stormy altar of Qazlal.
  1267 | D:2      | Found a runed door.
  1271 | D:2      | Noticed Crazy Yiuf
  1279 | D:2      | Killed Crazy Yiuf
  1279 | D:2      | Reached XP level 4. HP: 40/40 MP: 4/4
  1469 | D:2      | Reached skill level 1 in Stealth
  1605 | D:2      | Reached ** piety under Trog
  1832 | D:3      | Reached XP level 5. HP: 30/46 MP: 5/5
  2015 | D:3      | Found a radiant altar of Vehumet.
  2072 | D:3      | Found a white marble altar of Elyvilon.
  2467 | D:3      | Reached XP level 6. HP: 55/55 MP: 6/6
  2474 | D:4      | Noticed cada's ghost (amateur FoFi)
  2494 | D:4      | Killed cada's ghost
  2494 | D:4      | Reached skill level 5 in Fighting
  2494 | D:4      | Reached skill level 5 in Axes
  2494 | D:4      | Reached skill level 1 in Throwing
  2607 | D:4      | Found a staircase to the Ecumenical Temple.
  2712 | D:4      | Reached *** piety under Trog
  2712 | D:4      | Your scales start taking on a golden yellow colour.
  2712 | D:4      | Reached XP level 7. HP: 44/61 MP: 7/7
  3178 | D:4      | Noticed Grinder
  3178 | D:4      | Paralysed by Grinder for 5 turns
  3191 | D:4      | Paralysed by Grinder for 4 turns
  3196 | D:4      | Killed Grinder
  3196 | D:4      | Reached skill level 6 in Fighting
  3563 | D:4      | Noticed Edmund
  3586 | D:4      | Killed Edmund
  3954 | D:5      | Entered Level 5 of the Dungeon
  4090 | D:5      | Found Mizuereh's General Store.
  4098 | D:5      | Bought a bread ration for 75 gold pieces
  4098 | D:5      | Bought a bread ration for 75 gold pieces
  4168 | D:5      | Found a shattered altar of Ashenzari.
  4177 | D:5      | Found Osmolum's Antique Armour Shoppe.
  4267 | D:5      | Reached XP level 8. HP: 71/71 MP: 8/8
  4439 | D:5      | Found Faaloc's Assorted Antiques.
  4642 | D:5      | Reached skill level 7 in Fighting
  5279 | D:6      | Reached **** piety under Trog
  5688 | D:7      | Reached skill level 5 in Dodging
  5730 | D:7      | Found Ezidwy's Armour Emporium.
  5734 | D:7      | Bought a +0 shield for 63 gold pieces
  5791 | D:7      | Reached skill level 8 in Fighting
  6121 | D:7      | Found an iron altar of Okawaru.
  6126 | D:7      | Reached XP level 9. HP: 81/81 MP: 9/9
  6454 | D:7      | Noticed a gargoyle
  6469 | D:7      | Killed a gargoyle
  6469 | D:7      | Reached skill level 1 in Shields
  6749 | D:8      | Reached ***** piety under Trog
  6759 | D:8      | Reached skill level 5 in Stealth
  6861 | D:8      | Noticed Joseph
  6885 | D:8      | Killed Joseph
  6957 | D:8      | Noticed a two-headed ogre
  6981 | D:8      | Killed a two-headed ogre
  6981 | D:8      | Reached XP level 10. HP: 79/90 MP: 10/10
  7146 | D:8      | Reached skill level 9 in Fighting
  7260 | D:8      | Found a shadowy altar of Dithmenos.
  7260 | D:8      | Found a snail-covered altar of Cheibriados.
  7300 | D:8      | Reached skill level 5 in Shields
  7724 | D:9      | Reached skill level 5 in Throwing
  7865 | D:9      | Found a snail-covered altar of Cheibriados.
  7909 | D:9      | Noticed Psyche
  7920 | D:9      | Killed Psyche
  8049 | D:9      | Found a bloodstained altar of Trog.
  8124 | D:9      | Noticed a two-headed ogre
  8136 | D:9      | HP: 2/91 [two-headed ogre/giant club (19)]
  8138 | D:9      | Demolished by a two-headed ogre

Skill      XL: |  1  2  3  4  5  6  7  8  9 10 |
---------------+-------------------------------+-----
Dodging        | 3 4 5 6 |  6.3
Fighting       | 4 5 6 8 9 |  9.5
Axes           | 4 5 6 7 |  7.6
Stealth        | 1 2 3 4 5 6 |  6.2
Throwing       | 1 2 3 4 5 |  5.4
Shields        | 4 5 |  5.8

Action                   |  1- 3 |  4- 6 |  7- 9 | 10-12 || total
-------------------------+-------+-------+-------+-------++-------
Melee: Hand axe          |    81 |   143 |   442 |    81 ||   747
       Tailslap          |    13 |    19 |    67 |    26 ||   125
       War axe           |       |       |       |   102 ||   102
Throw: Tomahawk          |       |     1 |    11 |       ||    12
Invok: Berserk           |     1 |     4 |     8 |     4 ||    17
 Abil: Breathe Acid      |       |       |     4 |       ||     4
Evoke: Wand              |       |       |       |     2 ||     2
  Use: Scroll            |       |     3 |     9 |       ||    12
 Stab: Sleeping          |     3 |     2 |    11 |     3 ||    19
       Distracted        |       |     1 |       |       ||     1
  Eat: Chunk             |     1 |     2 |     2 |     3 ||     8
       Meat ration       |       |     2 |     1 |     1 ||     4
       Fruit             |       |     1 |       |       ||     1
       Bread ration      |       |       |     2 |       ||     2
       Royal jelly       |       |       |     1 |       ||     1
Armor: Skin              |    12 |    48 |   148 |    40 ||   248
Dodge: Dodged            |    32 |   125 |   233 |   135 ||   525
Block: Shield            |       |       |    83 |   111 ||   194
